 Dungeon Crawl Stone Soup version 0.28-a0-1312-g71652a0310 (webtiles) character file.

Game seed: 8028961839261655549

280114 Crownlay the Eclecticist (level 20, -9/122 HPs)
             Began as a Gargoyle Earth Elementalist on Dec 26, 2021.
             Was the Champion of Vehumet.
             Mangled by a vampire knight (25 damage)
             ... on level 2 of the Vaults on Dec 27, 2021.
             The game lasted 03:01:22 (55494 turns).

Crownlay the Eclecticist (GrEE)                    Turns: 55494, Time: 03:01:23

Health: -9/122     AC: 26    Str: 17    XL:     20   Next: 47%
Magic:  2/42       EV: 16    Int: 20    God:    Vehumet [******]
Gold:   2588       SH: 15    Dex: 16    Spells: 7/56 levels left

rFire   + . .      SeeInvis +   z - +9 sword of Zonguldrok {reap}
rCold   + + +      Faith    .   j - +3 buckler {rC+ rF+}
rNeg    + + .      Spirit   .   F - +4 skin of Zhor {*Englaciate rC+++ SInv}
rPois   ∞          Reflect  +   m - +0 helmet
rElec   +          Harm     .   M - +0 cloak "Hiwienof" {rN+ Str-5 Dex+4}
rCorr   .          Rampage  .   D - +2 pair of gloves
Will    ++...                   (no boots)
Stlth   ++........              n - amulet of reflection
HPRegen 0.30/turn               I - ring of Dewalong {EV+4 Str+7}
MPRegen 0.28/turn               c - ring of willpower

@: flying
A: sickness immunity, AC +15, big wings, negative energy resistance 1,
electricity resistance, torment resistance 1, petrification resistance, agile 1,
dopey 1
}: 2/15 runes: barnacled, gossamer
a: Renounce Religion


You were on level 2 of the Vaults.
You worshipped Vehumet.
Vehumet was exalted by your worship.
You visited 7 branches of the dungeon, and saw 34 of its levels.
You also visited: Gauntlet and Ice Cave.

You collected 3946 gold pieces.
You spent 1358 gold pieces at shops.

Inventory:

Hand Weapons
 z - the +9 sword of Zonguldrok (weapon) {reap}
   (You found it on level 12 of the Dungeon)

   Any living foe damaged by it may be reanimated upon death as a zombie
   friendly to the wielder, with an increasing chance as more damage is dealt.
Missiles
 J - 206 stones
Armour
 g - the +5 kite shield "Toboh" {rN+ Dex-3 SInv}
   (You took it off Donald on level 2 of the Shoals)

   Dex:       It affects your dexterity (-3).
   rN:        It protects you from negative energy.
   SInv:      It lets you see invisible.
 j - a +3 buckler of resistance (worn)
 m - a +0 helmet (worn)
 D - a +2 pair of gloves (worn)
 F - the +4 skin of Zhor (worn) {*Englaciate rC+++ SInv}
   (You found it in an ice cave)

   It radiates cold, occasionally slowing all nearby creatures who are not
   resistant to cold.
   rC:        It renders you almost immune to cold.
   SInv:      It lets you see invisible.
 M - the +0 cloak "Hiwienof" (worn) {rN+ Str-5 Dex+4}
   (You found it in a Gauntlet)

   Str:       It affects your strength (-5).
   Dex:       It affects your dexterity (+4).
   rN:        It protects you from negative energy.
Magical Staves
 a - a staff of earth
Jewellery
 c - a ring of willpower (right hand)
 d - a ring of ice
 n - an amulet of reflection (around neck)
 E - a ring of ice
 G - a ring of fire
 H - a ring of fire
 I - the ring of Dewalong (left hand) {EV+4 Str+7}
   (You found it in a Gauntlet)

   [ring of evasion]

   EV:        It affects your evasion (+4).
   Str:       It affects your strength (+7).
Wands
 h - a wand of digging (17)
 o - a wand of flame (61)
 r - a wand of charming (3)
 t - a wand of iceblast (16)
 u - a wand of acid (1)
 C - a wand of polymorph (17)
 O - a wand of paralysis (10)
Scrolls
 b - 11 scrolls of identify
 e - 5 scrolls of amnesia
 k - 3 scrolls of fear
 l - 3 scrolls of enchant armour
 s - 8 scrolls of fog
 x - 2 scrolls of holy word
 N - 3 scrolls of teleportation
 Q - 3 scrolls of magic mapping
Potions
 f - 4 potions of curing
 p - 3 potions of invisibility
 q - a potion of resistance
 v - 3 potions of brilliance
 B - a potion of might
 K - 2 potions of heal wounds
 L - a potion of haste
 R - 3 potions of cancellation
 S - a potion of mutation
Miscellaneous
 i - a condenser vane (inert)
 A - a phial of floods
 P - a phantom mirror


   Skills:
 - Level 12.0 Fighting
 - Level 1.5 Dodging
 - Level 2.1 Stealth
 * Level 12.8 Shields
 + Level 18.8 Spellcasting
 - Level 12.0 Conjurations
 - Level 8.4 Summonings
 - Level 0.7 Transmutations
 * Level 18.2 Ice Magic
 + Level 14.0 Earth Magic
 - Level 4.0 Evocations


You had 7 spell levels left.
You knew the following spells:

 Your Spells              Type           Power      Damage    Failure   Level
a - Sandblast             Erth           100%       2d20      0%          1
b - Stone Arrow           Conj/Erth      100%       3d13      1%          3
c - Passwall              Tmut/Erth      40%        N/A       1%          2
d - Orb of Destruction    Conj           30%        9d12      4%          7
e - Ozocubu's Refrigerat  Ice            37%        4d12      1%          7
f - Lee's Rapid Deconstr  Erth           33%        3d18*     1%          5
g - Spellforged Servitor  Conj/Summ      28%        N/A       10%         7
h - Lehudib's Crystal Sp  Conj/Erth      31%        10d8      22%         8
i - Shatter               Erth           33%        3d27*     88%         9

Your spell library contained the following spells:

 Spells                   Type           Power      Damage    Failure   Level
 Chain Lightning          Conj/Air       21%        3d28      100%        9
 Fire Storm               Conj/Fire      21%        8d5       100%        9
 Freeze                   Ice            100%       1d11      0%          1
 Magic Dart               Conj           100%       1d8       0%          1
 Frozen Ramparts          Ice            100%       1d12      0%          3
 Call Imp                 Summ           51%        N/A       1%          2
 Static Discharge         Conj/Air       42%        N/A       1%          2
 Call Canine Familiar     Summ           51%        N/A       1%          3
 Dazzling Flash           Conj/Hex       84%        N/A       1%          3
 Mephitic Cloud           Conj/Pois/Air  34%        N/A       1%          3
 Summon Guardian Golem    Hex/Summ       35%        N/A       1%          3
 Animate Armour           Summ/Erth      100%       N/A       1%          4
 Hailstorm                Conj/Ice       68%        3d14      1%          4
 Leda's Liquefaction      Hex/Erth       23%        N/A       1%          4
 Petrify                  Tmut/Erth      48%        N/A       1%          4
 Sticky Flame             Conj/Fire      42%        2d6       1%          4
 Summon Ice Beast         Ice/Summ       64%        N/A       1%          4
 Fireball                 Conj/Fire      21%        3d10      1%          5
 Freezing Cloud           Conj/Ice/Air   28%        6-21      1%          5
 Iskenderun's Battlesphe  Conj           61%        2d11      1%          5
 Lightning Bolt           Conj/Air       21%        1d36      1%          5
 Iron Shot                Conj/Erth      31%        9d6       1%          6
 Ignite Poison            Fire/Tmut/Pois 19%        N/A       2%          3
 Blink                    Tloc           36%        N/A       4%          2
 Summon Lightning Spire   Summ/Air       35%        N/A       4%          4
 Airstrike                Air            9%         N/A       8%          4
 Gell's Gravitas          Tloc           18%        N/A       9%          3
 Lesser Beckoning         Tloc           18%        N/A       9%          3
 Portal Projectile        Hex/Tloc       36%        N/A       9%          3
 Teleport Other           Tloc           18%        N/A       9%          3
 Conjure Ball Lightning   Conj/Air       21%        3x3d6     11%         6
 Simulacrum               Ice/Necr       26%        N/A       11%         6
 Starburst                Conj/Fire      21%        6d7       11%         6
 Summon Forest            Summ/Tloc      17%        N/A       14%         5
 Summon Mana Viper        Hex/Summ       35%        N/A       14%         5
 Summon Cactus Giant      Summ           25%        N/A       14%         6
 Cause Fear               Hex            9%         N/A       28%         4
 Dispel Undead            Necr           18%        3d11      28%         4
 Blade Hands              Tmut           10%        N/A       50%         5
 Monstrous Menagerie      Summ           25%        N/A       58%         7
 Agony                    Necr           18%        N/A       61%         5
 Manifold Assault         Tloc           18%        N/A       61%         5
 Silence                  Hex/Air        9%         N/A       61%         5
 Storm Form               Tmut/Air       10%        N/A       100%        7
 Polar Vortex             Ice            37%        N/A       36%         9
 Ignition                 Fire           9%         3d5       100%        8
 Statue Form              Tmut/Erth      Unusable   N/A       N/A         6

Dungeon Overview and Level Annotations

Branches:
Dungeon (15/15)            Temple (1/1) D:7            Lair (6/6) D:11
 Shoals (4/4) Lair:2       Spider (4/4) Lair:3        Slime (0/5) Lair:5
    Orc (2/2) D:11            Elf (0/3) Orc:2        Vaults (2/5) D:13
 Depths (0/4) D:15          IceCv (visited)         Gauntlet (visited)
  Crypt: Vaults:2-3

Altars:
Ashenzari
Cheibriados
Dithmenos
Elyvilon
Fedhas
Gozag
Hepliaklqana
Kikubaaqudgha
Makhleb
Nemelex Xobeh
Okawaru
Qazlal
Ru
Sif Muna
Trog
Uskayaw
Vehumet
Wu Jian
Xom
Yredelemnul
Zin
The Shining One
Beogh

Shops:
D:1 :   D:3 (   D:15 *   Orc:1 [   Orc:2 :[(:   Shoals:1 [   Shoals:3 =

Portals:
Hell: Lair:6

Annotations:
Lair:4 1 runed translucent door, Bytius's ghost, journeyman TeAE
Vaults:2 Boris; Sojobo


Innate Abilities, Weirdness & Mutations

You are immune to sickness and miasma.
Your stone body is resilient. (AC +15)
You are immune to poison.
Your large and strong wings let you fly.
You resist negative energy. (rN+)
You are resistant to electric shocks. (rElec)
You are resistant to unholy torment.
You are immune to petrification.
You are agile. (Dex +2)
You are dopey. (Int -2)


Message History

The vampire knight misses you.
The vampire knight bites you but does no damage.
The vampire knight misses you. The vampire knight bites you!
You barely miss the vampire knight.
The vampire knight is almost destroyed.
You block the vampire knight's attack. x2
The vampire knight hits you with a +0 battleaxe!!
* * * LOW HITPOINT WARNING * * *
The vampire knight bites you.
* * * LOW HITPOINT WARNING * * *
The vampire knight gestures at you while chanting.
You resist with almost no effort.
Casting: Stone Arrow (safe; 1% risk of failure)
Confirm with . or Enter, or press ? or * to list all spells.
Aiming: Stone Arrow (safe; 1% risk of failure)
Press: ? - help, Shift-Dir - straight line, f/p - vampire knight
Aim: a vampire knight, wielding a +0 battleaxe and wearing a +0 chain mail (almost destroyed, fast, slightly transparent, 84% to hit)
The stone arrow hits the vampire knight but does no damage.
The vampire knight is almost destroyed.
You radiate an aura of cold.
Your spellforged servitor is unaffected.
The vampire knight is unaffected.
The vampire knight completely misses you.
You block the vampire knight's attack. What are your orders? t - Shout!
Orders for allies: a - Attack new target. p - Attack previous target. r - Retreat! s - Stop attacking. g - Guard the area. f - Follow me.
Anything else - Cancel.
Gang up on whom?
Press: ? - help, Dir - move target, f/p - vampire knight
Aim: a vampire knight, wielding a +0 battleaxe and wearing a +0 chain mail (almost destroyed, fast, slightly transparent) Attack!
The vampire knight closely misses you.
You block the vampire knight's attack. x3
You radiate an aura of cold.
Your spellforged servitor is unaffected.
The vampire knight is unaffected.
The vampire knight hits you with a +0 battleaxe!!
You die...

#..#..# #..#.# #..'.
#^.# #..# #..# # #..# .
#9V# > #.@# . #..# .
#..# . ######..# .
........################
........................
........................
.........(((............
.........(..............


You could see a vampire knight (fast, invisible) and a friendly spellforged
servitor (summoned).

Vanquished Creatures
  A bone dragon (D:12)
  Rupert (Lair:6)
  Jorgrun (Shoals:1)
  Mlioglotl (Spider:4)
  A kraken (Shoals:2)
  Frances (Shoals:2)
  Polyphemus (Shoals:4)
  Donald (Shoals:2)
  Kirke (Shoals:2)
  A storm dragon (Shoals:4)
  Roxanne (Shoals:3)
  An orc warlord (Orc:2)
  3 vault wardens
  4 ghost moths
  5 ironbound preservers (Vaults:1)
  A broodmother (Spider:1)
  A minotaur (Gauntlet)
  A spark wasp (Spider:4)
  3 dire elephants (Vaults:1)
  2 entropy weavers
  Snorg (D:11)
  A green death (Gauntlet)
  4 merfolk impalers (Shoals:4)
  4 merfolk javelineers (Shoals:4)
  A fire dragon (D:15)
  A jiangshi (Vaults:2)
  3 yaktaur captains
  4 boulder beetles
  An ice dragon (D:15)
  A vault guard (Vaults:2)
  10 hydras
  A catoblepas (Lair:3)
  Fannar (D:11)
  An ogre mage (D:15)
  2 jorogumos
  4 centaur warriors
  6 merfolk aquamancers (Shoals:4)
  11 two-headed ogres
  2 dancing weapons (D:11)
  4 tengu warriors (D:14)
  2 merfolk avatars
  9 death yaks
  An orc high priest (Orc:2)
  Sonja (Orc:1)
  Urug (Orc:1)
  A pharaoh ant (Spider:2)
  A sun moth (Spider:1)
  6 deep trolls
  A steelbarb worm (Spider:1)
  4 orb spiders
  8 sea snakes
  10 skeletal warriors
  A death drake (Gauntlet)
  A bog body (IceCv)
  4 wizards
  3 ironbound convokers
  A necromancer (IceCv)
  A wolf spider zombie (D:12)
  10 harpies
  3 nameless horrors
  9 lindwurms
  A tengu skeleton (Vaults:1)
  17 ugly things
  A deep elf pyromancer (D:13)
  2 orc knights (Orc:2)
  An oklob plant (Shoals:3)
  7 cyclopes
  7 fauns
  15 manticores
  A faun (shapeshifter) (Gauntlet)
  16 wolf spiders
  A shining eye (shapeshifter) (Gauntlet)
  4 moths of wrath
  12 elephants
  9 water nymphs
  5 merfolk sirens
  A spectral centaur (Gauntlet)
  2 orange demons
  8 black mambas
  2 ice statues (IceCv)
  3 gargoyles
  11 cane toads
  2 unseen horrors (D:12)
  A minotaur zombie (Gauntlet)
  A torpor snail (Spider:3)
  4 demonic crawlers
  10 yaktaurs
  9 komodo dragons
  A rime drake (shapeshifter) (D:15)
  3 anaconda simulacra (IceCv)
  6 rime drakes
  5 entropy weaver simulacra (IceCv)
  A freezing wraith (D:15)
  2 tengu conjurers (D:15)
  A spectral harpy (Gauntlet)
  7 ice devils
  A red devil (Lair:6)
  A hellwing (Lair:6)
  A polar bear (Lair:6)
  8 trolls
  10 meliai
  A harpy zombie (D:12)
  18 merfolk
  10 wind drakes
  7 hornets
  10 blink frogs
  A spectral meliai (Gauntlet)
  A tyrant leech (Lair:1)
  A meliai zombie (D:12)
  A harpy skeleton (D:12)
  10 snapping turtles
  13 slime creatures
  12 tarantellas
  17 jumping spiders
  Sigmund (D:2)
  A spriggan (Lair:1)
  A shadow (D:11)
  2 vampires
  8 air elementals (Shoals:4)
  An ettin skeleton (Vaults:1)
  4 wyverns
  6 culicivoras
  A dire elephant simulacrum (IceCv)
  17 water elementals
  22 yaks
  3 fire bats (Lair:5)
  3 basilisks
  6 hogs (Shoals:2)
  Grum (D:11)
  A fire bat (shapeshifter) (Gauntlet)
  A steam dragon (D:6)
  A hog (shapeshifter) (D:14)
  35 redbacks
  2 chaos spawn (Gauntlet)
  An elf skeleton (Vaults:1)
  2 vampire mosquitoes (D:12)
  A harpy simulacrum (IceCv)
  An acid dragon (D:12)
  3 swamp worms (Lair:1)
  7 wargs
  A neqoxec (Gauntlet)
  20 water moccasins
  3 hell hounds (Lair:6)
  A hornet zombie (D:12)
  38 orc warriors
  2 sky beasts (D:7)
  2 black bears (D:5)
  16 ogres
  A necrophage (D:10)
  An ice beast (Vaults:2)
  9 wolves
  8 boggarts
  11 centaurs
  A phantom (D:5)
  10 bullfrogs
  A gnoll sergeant (D:7)
  A two-headed ogre simulacrum (IceCv)
  A scorpion (shapeshifter) (D:14)
  A wyvern zombie (D:7)
  2 scorpions
  A wyvern skeleton (D:7)
  10 killer bees
  A water moccasin skeleton (D:7)
  17 wights
  An elephant simulacrum (IceCv)
  6 electric eels (D:10)
  14 centaur zombies
  25 orc priests
  2 hounds (D:4)
  12 centaur skeletons
  2 bullfrog skeletons
  A human zombie (D:10)
  12 jellies (Lair:5)
  An iguana (D:5)
  27 orc wizards
  A spriggan simulacrum (IceCv)
  A troll simulacrum (IceCv)
  A killer bee zombie (D:5)
  A hound skeleton (D:4)
  A mummy (D:10)
  A howler monkey zombie (D:7)
  11 gnolls
  5 adders
  A naga simulacrum (IceCv)
  A shadow imp (D:8)
  A white imp (IceCv)
  An ufetubus (D:5)
  2 adder zombies (D:5)
  2 adder skeletons
  2 worms
  3 dart slugs
  92 orcs
  8 bats
  8 endoplasms
  A giant cockroach (D:2)
  6 goblins
  10 hobgoblins
  9 jackals
  4 kobolds
  4 quokkas
  8 ball pythons
  3 frilled lizards (D:1)
  5 rats
  A bush (Lair:1)
  3 tentacles (Shoals:2)
1066 creatures vanquished.

Vanquished Creatures (collateral kills)
  A sphinx (Vaults:1)
  3 emperor scorpions
  2 vault wardens
  A curse skull (Vaults:2)
  3 ironbound preservers (Vaults:2)
  3 ironbound thunderhulks
  3 dire elephants (Vaults:1)
  2 spark wasps
  2 crystal guardians (Vaults:1)
  A vault guard (Vaults:2)
  A jorogumo (Spider:4)
  A peacekeeper (Vaults:1)
  A boulder beetle (Vaults:1)
  A catoblepas (Shoals:4)
  A radroach (Spider:4)
  A dancing weapon (D:11)
  2 death yaks
  A pharaoh ant (Spider:1)
  4 steelbarb worms
  13 deep trolls
  7 lindwurms (Vaults:1)
  A necromancer (Vaults:1)
  A wizard (Vaults:1)
  6 orb spiders
  3 ironbound convokers
  An ugly thing (Vaults:2)
  7 wolf spiders
  4 moths of wrath
  5 vault sentinels
  3 torpor snails
  2 demonic crawlers
  2 orange demons (Lair:6)
  A rime drake (Lair:6)
  A komodo dragon (Lair:6)
  5 yaktaurs
  An ice devil (Lair:6)
  2 meliai (Spider:4)
  5 blink frogs
  6 tarantellas
  2 hornets (Spider:4)
  14 slime creatures
  9 jumping spiders
  A culicivora (Spider:2)
  9 redbacks
  2 boggarts (Vaults:1)
  2 orcs (Orc:2)
149 creatures vanquished.

Vanquished Creatures (others)
  A sun demon (Lair:6)
  A wizard (D:8)
  A hornet (Spider:4)
  A bush (Lair:6)
  A demonic plant (Gauntlet)
  20 fungi
  85 plants
  2 tentacles (Shoals:2)
112 creatures vanquished.

Grand Total: 1327 creatures vanquished

Notes
Turn   | Place    | Note
-------+----------+-------------------------------------------
     0 | D:1      | Crownlay the Gargoyle Earth Elementalist began the quest
                  | for the Orb.
     0 | D:1      | Reached XP level 1. HP: 10/10 MP: 3/3
   348 | D:1      | Reached XP level 2. HP: 15/15 MP: 5/5
   515 | D:1      | Found a faded altar of an unknown god.
   709 | D:1      | Reached XP level 3. HP: 19/19 MP: 7/7
   979 | D:1      | Found Xeusmute's Book Emporium.
  1162 | D:2      | Learned a level 3 spell: Stone Arrow
  1165 | D:2      | Learned a level 2 spell: Passwall
  1931 | D:2      | Noticed Sigmund
  1941 | D:2      | Killed Sigmund
  1942 | D:2      | Reached skill level 5 in Earth Magic
  1942 | D:2      | Reached XP level 4. HP: 7/24 MP: 0/10
  1942 | D:2      | Reached XP level 5. HP: 9/28 MP: 0/11
  2710 | D:3      | Reached XP level 6. HP: 32/32 MP: 8/13
  2843 | D:3      | Found Viqit's Weapon Shoppe.
  3198 | D:4      | Reached skill level 5 in Spellcasting
  3253 | D:4      | Found a burning altar of Makhleb.
  3259 | D:4      | Found a shimmering blue altar of Sif Muna.
  3824 | D:5      | Entered Level 5 of the Dungeon
  3872 | D:5      | Noticed a water moccasin
  3878 | D:5      | Killed a water moccasin
  3879 | D:5      | Reached XP level 7. HP: 30/36 MP: 9/15
  4000 | D:5      | Found a snail-covered altar of Cheibriados.
  4267 | D:5      | Reached XP level 8. HP: 41/41 MP: 7/18
  4400 | D:5      | Found a hide-covered altar of Uskayaw.
  4721 | D:5      | Found an opulent altar of Gozag.
  4721 | D:5      | Found a sparkling altar of Nemelex Xobeh.
  5542 | D:6      | Found a basalt altar of Yredelemnul.
  5867 | D:6      | Reached XP level 9. HP: 60/60 MP: 20/24
  6025 | D:7      | Reached skill level 1 in Conjurations
  6030 | D:7      | Reached XP level 10. HP: 45/66 MP: 15/25
  6241 | D:7      | Found a staircase to the Ecumenical Temple.
  6287 | Temple   | Entered the Ecumenical Temple
  7746 | D:7      | Found an iron altar of Okawaru.
  8154 | D:8      | Reached skill level 1 in Shields
  8164 | D:8      | Noticed a two-headed ogre
  8171 | D:8      | Killed a two-headed ogre
  8704 | D:8      | Found Woerootu's Magic Scroll Boutique.
  8707 | D:8      | Bought a scroll of enchant armour for 82 gold pieces
  8707 | D:8      | Bought a scroll of holy word for 82 gold pieces
  8707 | D:8      | Bought a scroll of blinking for 82 gold pieces
  8707 | D:8      | Bought a scroll of immolation for 38 gold pieces
  8707 | D:8      | Bought a scroll of identify for 22 gold pieces
  8707 | D:8      | Bought a scroll of identify for 22 gold pieces
  8707 | D:8      | Bought a scroll of identify for 22 gold pieces
  8772 | D:8      | Noticed a two-headed ogre
  8777 | D:8      | Killed a two-headed ogre
  8900 | D:8      | Found a bloodstained altar of Trog.
  8903 | D:8      | Noticed a wizard
  8908 | D:8      | Killed a wizard
  9001 | D:9      | Found a white marble altar of Elyvilon.
  9270 | D:9      | Reached XP level 11. HP: 66/71 MP: 17/27
  9329 | D:9      | Found a shimmering altar of Xom.
  9385 | D:9      | Noticed a two-headed ogre
  9390 | D:9      | Killed a two-headed ogre
  9808 | D:9      | Reached skill level 10 in Earth Magic
  9977 | D:9      | Reached skill level 5 in Conjurations
 10041 | D:10     | Entered Level 10 of the Dungeon
 10564 | D:10     | Found a radiant altar of Vehumet.
 10568 | D:10     | Became a worshipper of Vehumet
 11553 | D:10     | Reached skill level 1 in Evocations
 11608 | D:10     | Found an ancient bone altar of Kikubaaqudgha.
 11838 | D:11     | Noticed a cyclops
 12030 | D:11     | Killed a cyclops
 12088 | D:11     | Got the Incunabulum of Bewitchment
 12100 | D:11     | Noticed a manticore
 12104 | D:11     | Killed a manticore
 12168 | D:11     | Found a staircase to the Orcish Mines.
 12168 | D:11     | Noticed a manticore
 12188 | D:11     | Killed a manticore
 12327 | D:11     | Noticed Fannar
 12344 | D:11     | Found a staircase to the Lair.
 12361 | D:11     | Noticed Snorg
 12374 | D:11     | Killed Snorg
 12375 | D:11     | Reached XP level 12. HP: 57/77 MP: 13/28
 12378 | D:11     | Noticed a two-headed ogre
 12387 | D:11     | Killed a two-headed ogre
 12682 | D:11     | Noticed Grum
 12691 | D:11     | Killed Grum
 12996 | D:11     | Reached * piety under Vehumet
 12996 | D:11     | Offered knowledge of Magic Dart by Vehumet.
 13146 | D:11     | Found a runed translucent door.
 13147 | D:11     | Noticed a +0 demon whip of draining
 13197 | D:11     | Reached skill level 10 in Fighting
 13413 | D:11     | You fall into a shaft and drop 3 floors!
 13450 | D:14     | Noticed a tengu warrior
 13458 | D:14     | Killed a tengu warrior
 13459 | D:14     | Reached skill level 10 in Conjurations
 13464 | D:14     | Noticed a tengu warrior
 13474 | D:14     | Killed a tengu warrior
 13562 | D:13     | Noticed a centaur warrior
 14467 | D:12     | Noticed a two-headed ogre
 14473 | D:12     | Killed a two-headed ogre
 14545 | D:12     | Noticed a boulder beetle
 14557 | D:12     | Killed a boulder beetle
 15043 | D:12     | Noticed a two-headed ogre
 15050 | D:12     | Killed a two-headed ogre
 15051 | D:12     | Reached XP level 13. HP: 61/82 MP: 14/30
 15340 | D:12     | Reached ** piety under Vehumet
 15381 | D:12     | Offered knowledge of Poisonous Vapours by Vehumet.
 15463 | D:12     | Found the +9 sword of Zonguldrok {reap}
 15463 | D:12     | Noticed a bone dragon
 15690 | D:12     | Reached skill level 1 in Summonings
 16322 | D:12     | Identified a scroll of acquirement
 16322 | D:12     | Acquired 899 gold pieces
 16543 | D:11     | Killed Fannar
 16659 | Lair:1   | Entered Level 1 of the Lair of Beasts
 16761 | Lair:1   | Found a frozen archway.
 16891 | IceCv    | Entered an ice cave
 17543 | IceCv    | Offered knowledge of Dazzling Flash by Vehumet.
 17828 | IceCv    | Found the +4 skin of Zhor {*Englaciate rC+++ SInv}
 17884 | IceCv    | Reached *** piety under Vehumet
 18862 | Lair:1   | Reached skill level 5 in Summonings
 19339 | Lair:2   | Gained mutation: Your large and strong wings let you fly.
                  | [Gargoyle growth]
 19339 | Lair:2   | Reached XP level 14. HP: 88/88 MP: 30/32
 19700 | Lair:2   | Identified the +4 spear of Vita {vamp, rElec Will- Int+5}
 19967 | Lair:2   | Found a staircase to the Shoals.
 20303 | Lair:3   | Reached skill level 1 in Ice Magic
 20400 | Lair:3   | Offered knowledge of Inner Flame by Vehumet.
 20520 | Lair:3   | Found a hole to the Spider Nest.
 21367 | Lair:4   | Found a gate leading to a gauntlet.
 21416 | Lair:4   | Found a runed translucent door.
 21417 | Lair:4   | Identified the +4 trident "Crownlay's Doom" {freeze, Dex+3}
 21451 | Gauntlet | Entered a Gauntlet
 21451 | Gauntlet | Found a transporter.
 21485 | Gauntlet | Found a transporter.
 21489 | Gauntlet | Found a transporter.
 21500 | Gauntlet | Found a transporter.
 21501 | Gauntlet | Found a transporter.
 21509 | Gauntlet | Found a transporter.
 21513 | Gauntlet | Found a transporter.
 21521 | Gauntlet | Found a transporter.
 21525 | Gauntlet | Found a transporter.
 21533 | Gauntlet | Found a transporter.
 21564 | Gauntlet | Found a transporter.
 21576 | Gauntlet | Found a transporter.
 21589 | Gauntlet | Found a transporter.
 21602 | Gauntlet | Found a transporter.
 21755 | Gauntlet | Gained mutation: Your magical capacity is low. (-10% MP) [a
                  | shining eye]
 21788 | Gauntlet | Reached XP level 15. HP: 92/92 MP: 30/30
 21845 | Gauntlet | Gained mutation: You sometimes lose the ability to read
                  | scrolls when taking damage. [a neqoxec]
 21854 | Gauntlet | Reached **** piety under Vehumet
 21882 | Gauntlet | Identified the ring of Dewalong {EV+4 Str+7}
 21912 | Gauntlet | Reached skill level 15 in Spellcasting
 21950 | Gauntlet | Offered knowledge of Airstrike by Vehumet.
 22052 | Gauntlet | Identified the +0 cloak "Hiwienof" {rN+ Str-5 Dex+4}
 22078 | Gauntlet | Learned a level 7 spell: Orb of Destruction
 22648 | Lair:4   | Noticed Bytius's ghost (journeyman TeAE)
 22859 | Lair:5   | Found a staircase to the Slime Pits.
 23463 | Lair:5   | Found a dark tunnel.
 23809 | Lair:6   | Entered Level 6 of the Lair of Beasts
 23970 | Lair:6   | Found a sacrificial altar of Ru.
 24005 | Lair:6   | Reached skill level 10 in Ice Magic
 24381 | Lair:6   | Reached XP level 16. HP: 96/97 MP: 10/31
 24728 | Lair:6   | Reached ***** piety under Vehumet
 24728 | Lair:6   | Offered knowledge of Irradiate by Vehumet.
 25457 | Lair:6   | Noticed Rupert
 25460 | Lair:6   | Paralysed by Rupert for 5 turns
 25481 | Lair:6   | Killed Rupert
 25972 | Lair:6   | Found a burning altar of Makhleb.
 26064 | Lair:6   | Found a gateway to Hell.
 26264 | Orc:1    | Entered Level 1 of the Orcish Mines
 26264 | Orc:1    | Noticed Urug
 26270 | Orc:1    | Killed Urug
 27072 | Orc:1    | Noticed Sonja
 27073 | Orc:1    | Found Varuwk's Armour Shop.
 27100 | Orc:1    | Killed Sonja
 27216 | Orc:2    | Entered Level 2 of the Orcish Mines
 27317 | Orc:2    | Found Jutouc's Self-Improvement Boutique.
 27500 | Orc:2    | Found a staircase to the Elven Halls.
 27572 | Orc:2    | Offered knowledge of Ozocubu's Refrigeration by Vehumet.
 27582 | Orc:2    | Learned a level 7 spell: Ozocubu's Refrigeration
 28316 | Orc:2    | Found Osuavap's Magic Scroll Shop.
 28384 | Orc:2    | Found Xaukayd's Antique Armour Emporium.
 28390 | Orc:2    | Found Hoxirez's Antique Weapon Shoppe.
 28876 | Orc:2    | Found Pebe's Book Emporium.
 29070 | D:11     | Upgraded the game from 0.28-a0-1286-g6bde065e89 to
                  | 0.28-a0-1312-g71652a0310
 29372 | D:13     | Found a gate to the Vaults.
 30160 | D:12     | Killed a bone dragon
 30282 | D:12     | Lost mutation: You sometimes lose the ability to read
                  | scrolls when taking damage. [potion of mutation]
 30282 | D:12     | Lost mutation: Your magical capacity is low. (-10% MP)
                  | [potion of mutation]
 30282 | D:12     | Gained mutation: You are agile. (Dex +2) [potion of
                  | mutation]
 30282 | D:12     | Gained mutation: You are dopey. (Int -2) [potion of
                  | mutation]
 30326 | D:13     | Offered knowledge of Lee's Rapid Deconstruction by Vehumet.
 30333 | D:13     | Learned a level 5 spell: Lee's Rapid Deconstruction
 30713 | D:13     | Got the Papyrus of Creative Lightness
 31696 | D:14     | Reached XP level 17. HP: 81/102 MP: 30/37
 32492 | D:15     | Entered Level 15 of the Dungeon
 32789 | D:15     | Found Qediog's Demolitions Depot.
 34232 | D:15     | Found a staircase to the Depths.
 34627 | Shoals:1 | Entered Level 1 of the Shoals
 34778 | Shoals:1 | Identified the +11 falchion "Dragon's Tongue" {freeze,
                  | Str+4}
 35488 | Shoals:1 | Found Duthrol's Armour Emporium.
 36298 | Shoals:2 | Noticed Jorgrun
 36298 | Shoals:2 | Identified the +5 kite shield "Toboh" {rN+ Dex-3 SInv}
 36298 | Shoals:2 | Noticed Donald
 36307 | Shoals:1 | Killed Jorgrun
 37119 | Shoals:2 | Noticed a kraken
 37126 | Shoals:2 | Killed a kraken
 37391 | Shoals:2 | Noticed Frances
 37425 | Shoals:2 | Killed Frances
 37756 | Shoals:2 | Noticed Kirke
 37901 | Shoals:2 | Offered knowledge of Iron Shot by Vehumet.
 38121 | Shoals:2 | Killed Donald
 38288 | Shoals:2 | Killed Kirke
 38289 | Shoals:2 | Reached skill level 15 in Ice Magic
 38434 | Shoals:3 | Found Eheses's Jewellery Shoppe.
 38493 | Shoals:3 | Bought an amulet of reflection for 540 gold pieces
 38681 | Shoals:3 | Reached XP level 18. HP: 112/112 MP: 33/39
 38711 | Shoals:3 | Identified Roxanne's Tome of the Rocks
 38711 | Shoals:3 | Noticed Roxanne
 38732 | Shoals:3 | Killed Roxanne
 39502 | Shoals:3 | Found a snail-covered altar of Cheibriados.
 39577 | Shoals:4 | Entered Level 4 of the Shoals
 39838 | Shoals:4 | Reached skill level 5 in Shields
 40100 | Shoals:4 | Paralysed by an air elemental for 1 turns
 40101 | Shoals:4 | HP: 2/112 [air elemental/stunning burst (7)]
 40102 | Shoals:4 | Paralysed by an air elemental for 1 turns
 41346 | Shoals:4 | Paralysed by an air elemental for 1 turns
 41708 | Shoals:4 | Got a barnacled rune of Zot
 41714 | Shoals:4 | Identified the +4 dagger "Noet" {drain, rPois rN++ rCorr
                  | Str+3}
 41725 | Shoals:4 | Identified the +9 scimitar "Iratt" {flame, rC+}
 41743 | Shoals:4 | Identified the +4 trident of Fatigue {vorpal, rN+}
 41928 | Shoals:4 | Paralysed by an air elemental for 1 turns
 41932 | Shoals:4 | Paralysed by an air elemental for 1 turns
 42358 | Shoals:4 | Noticed Polyphemus
 42366 | Shoals:4 | Paralysed by an air elemental for 1 turns
 42369 | Shoals:4 | Paralysed by an air elemental for 1 turns
 42373 | Shoals:4 | Paralysed by an air elemental for 1 turns
 43209 | Shoals:4 | Found a stormy altar of Qazlal.
 43371 | Shoals:4 | Paralysed by an air elemental for 1 turns
 43381 | Shoals:4 | Offered knowledge of Spellforged Servitor by Vehumet.
 43479 | Shoals:4 | Learned a level 7 spell: Spellforged Servitor
 43896 | Shoals:4 | Killed Polyphemus
 44317 | Orc:2    | Bought a book of Armaments for 468 gold pieces
 44326 | Orc:2    | Learned a level 8 spell: Lehudib's Crystal Spear
 44475 | Spider:1 | Entered Level 1 of the Spider Nest
 46194 | Spider:2 | Offered knowledge of Yara's Violent Unravelling by Vehumet.
 46673 | Spider:2 | Reached XP level 19. HP: 116/116 MP: 28/41
 46815 | Spider:2 | You are sucked into a shaft and drop 1 floor!
 47626 | Spider:3 | Identified the +1 trident "Xoirphuf" {flame, +Blink rElec
                  | rF- Int+2}
 47921 | Spider:4 | Entered Level 4 of the Spider Nest
 48410 | Spider:4 | Noticed Mlioglotl
 48416 | Spider:4 | Killed Mlioglotl
 50135 | Spider:4 | Offered knowledge of Maxwell's Capacitive Coupling by
                  | Vehumet.
 50604 | Spider:4 | Got a gossamer rune of Zot
 50826 | D:11     | Reached skill level 10 in Shields
 51451 | Vaults:1 | Entered Level 1 of the Vaults
 51852 | Vaults:1 | Identified the +7 hand axe of Accord {pain, Will+ SInv}
 53002 | Vaults:1 | Reached XP level 20. HP: 122/122 MP: 2/42
 53928 | Vaults:1 | Reached ****** piety under Vehumet
 54628 | Vaults:2 | Noticed Sojobo
 54629 | Vaults:2 | Noticed Boris
 54630 | Vaults:2 | Offered knowledge of Fire Storm by Vehumet.
 54630 | Vaults:2 | Offered knowledge of Shatter by Vehumet.
 54630 | Vaults:2 | Offered knowledge of Chain Lightning by Vehumet.
 54802 | Vaults:1 | Learned a level 9 spell: Shatter
 55494 | Vaults:2 | Mangled by a vampire knight

Illustrated notes

Levels and vault maps discovered:
D:1:      psy_arrival_whirlpool, layout_basic, dreamdust_ecumenical_altar_grove,
          serial_shops, shop
D:2:      layout_rooms, minmay_diced_spiral, uniq_sigmund
D:3:      cheibrodos_old_hovel, layout_loops_ring, serial_shops,
          nicolae_shop_bloodbath_and_beyond, kennysheep_generic_room_15
D:4:      layout_basic, nicolae_overflow_squiral
D:5:      layout_loops_cross, grunt_temple_overflow_opulence,
          kennysheep_slug_shrine, mainiacjoe_overflow_paths, serial_glass,
          glass_columns_a, glass_columns_a, feat_on_display,
          minmay_strange_pillars, feat_on_display,
          hangedman_abyss_or_decor_stabs
D:6:      layout_cave_pools, marbit_many_paths
D:7:      minmay_spotlight, layout_layer_cave,
          mainiacjoe_overflow_surrounded_room, minmay_temple_entry_hall
D:8:      layout_rooms, trog_wizard, serial_shops, kennysheep_mini, minivault_5
D:9:      layout_loops_ring, old_standard_altar, kennysheep_little_box
D:10:     layout_basic, mainiacjoe_overflow_six_doors_small,
          lemuel_mausoleum_altar_kikubaaqudgha
D:11:     layout_small_grid, lair_entry_dummy, orc_0_dummy,
          nicolae_danse_macabre, uniq_grum, uniq_fannar, uniq_snorg
D:12:     layout_basic, minmay_guarded_unrand_zonguldrok
D:13:     layout_layer_cave, david_vaults_1
D:14:     layout_loops_cross, grunt_decor_mini_mirrors
D:15:     grunt_enter_depths_hoard, layout_layer_cave, bh_walls_and_bars,
          nicolae_blasting_shop
Temple:   compressed_dpeg_triangle_lava_temple
Lair:1:   wad_woods_04, layout_loops_ring, portal_ice_cave_rime, worms_lemuel,
          infiniplex_staircase_pool
Lair:2:   layout_regular_city, minmay_shoals_entry_lonely_mermaid,
          serial_forest, infiniplex_forest_zigzag_2,
          infiniplex_forest_straight_2, infiniplex_forest_clump_long,
          infiniplex_forest_lined_4_way, infiniplex_forest_lined_room_3,
          infiniplex_forest_clump_C, infiniplex_forest_lined_1,
          infiniplex_forest_end_1
Lair:3:   layout_regular_city, nicolae_spider_entry_orb_guardian
Lair:4:   layout_misc_corridors, gauntlet_entry_generic,
          ebering_ghost_funeral_grove
Lair:5:   layout_cave_shapes, minmay_slime_entry_jelly_boxes,
          nicolae_volcano_entry_batcave, nicolae_lair_lindhole
Lair:6:   evil_forest, layout_misc_corridors, basic_altar,
          infiniplex_staircase_pool_2, uniq_rupert
Shoals:1: layout_shoals, serial_shops, shop_coins,
          nicolae_shoals_nymph_descending_staircase
Shoals:2: layout_shoals, uniq_kirke, uniq_jorgrun, uniq_donald, uniq_frances
Shoals:3: layout_shoals, serial_shops, nicolae_shop_statue_plus,
          lemuel_oklob_altar, uniq_roxanne
Shoals:4: shoals_end_hellmonk_storm_palace [storm_palace_center_ruins,
          storm_palace_corner_altar, storm_palace_corner_blocked,
          storm_palace_corner_pillars, storm_palace_corner_narrow],
          uniq_polyphemus
Spider:1: layout_spider_delve
Spider:2: layout_spider_delve, spiders_nest_spider_trap
Spider:3: layout_spider_delve
Spider:4: spider_rune_water, uniq_mlioglotl
Orc:1:    layout_caves, serial_shops, shop, uniq_urug, uniq_sonja
Orc:2:    grunt_orc_community_town_hall, layout_diamond_mine,
          grunt_orc_community_big_house_1, grunt_orc_community_big_house_2,
          grunt_orc_community_house_1, grunt_orc_community_house_3,
          grunt_orc_community_house_2, grunt_orc_community_house_2,
          grunt_orc_community_house_2, nicolae_shop_self_help
Vaults:1: v_misc_2, ontoclasm_vaults_shout, hangedman_vaults_impose,
          vaults_dpeg_encased_lava, nicolae_vaults_circle_grid_a,
          vaults_mumra_hexcomb, nicolae_vaults_stairing_the_circle, v_misc_17,
          v_misc_9, v_rooms_5, grunt_vaults_diagonal, v_misc_22, v_misc_13,
          vaults_standard_mumra_lines, nicolae_vaults_rhombus_6,
          layout_vaults_omnibox
Vaults:2: v_rooms_1, v_rooms_2, dpeg_vaults_monster_box,
          minmay_crypt_entry_simple_box, serial_ice_g, layout_vaults_omnigrid,
          uniq_jory, uniq_boris, uniq_sojobo

Skill      XL: |  1  2  3  4  5  6  7  8  9 10 11 12 13 14 15 16 17 18 19 20 |
---------------+-------------------------------------------------------------+-----
Earth Magic    | 4 5 6 7 8 9 10 12 14 | 14.0
Spellcasting   | 4 5 6 11 12 13 14 15 16 17 18 | 18.8
Fighting       | 9 10 11 12 | 12.0
Conjurations   | 1 3 9 10 11 12 | 12.0
Shields        | 3 4 8 11 12 | 12.8
Evocations     | 2 4 |  4.0
Summonings     | 5 7 8 |  8.4
Ice Magic      | 7 10 12 15 16 17 18 | 18.2
Dodging        | |  1.5
Stealth        | |  2.1
Transmutations | |  0.7

Action                   |  1- 3 |  4- 6 |  7- 9 | 10-12 | 13-15 | 16-18 | 19-21 || total
-------------------------+-------+-------+-------+-------+-------+-------+-------++-------
Melee: Staff             |   125 |    36 |     7 |     4 |       |       |       ||   172
       Double sword      |       |       |       |       |   229 |   382 |    55 ||   666
       Unarmed           |       |       |       |       |       |     4 |       ||     4
 Cast: Sandblast         |    35 |    43 |    53 |   207 |   179 |   197 |    86 ||   800
       Stone Arrow       |       |       |    38 |   173 |   304 |   850 |   295 ||  1660
       Passwall          |       |       |       |       |     3 |     1 |     7 ||    11
       Orb of Destructio |       |       |       |       |     8 |    46 |     3 ||    57
       Ozocubu's Refrige |       |       |       |       |       |    36 |     3 ||    39
       Lee's Rapid Decon |       |       |       |       |       |    30 |    19 ||    49
       Spellforged Servi |       |       |       |       |       |    16 |    53 ||    69
Evoke: Wand              |       |       |       |    20 |     1 |    36 |     1 ||    58
       Phantom mirror    |       |       |       |       |     1 |       |       ||     1
       Condenser vane    |       |       |       |       |       |       |     1 ||     1
  Use: Scroll            |       |     6 |     3 |    15 |    11 |    14 |     2 ||    51
       Potion            |       |       |     1 |     1 |     2 |     6 |     2 ||    12
 Stab: Sleeping          |     5 |     2 |       |       |     2 |       |       ||     9
       Distracted        |       |       |       |       |     1 |     2 |     3 ||     6
Armor: Robe              |    56 |    17 |    21 |    96 |    73 |       |       ||   263
       Animal skin       |       |       |       |       |   218 |   460 |   148 ||   826
Dodge: Dodged            |    98 |    35 |    13 |    99 |   306 |   679 |   233 ||  1463
Block: Buckler           |       |       |       |    38 |   201 |   525 |   306 ||  1070
       Reflection        |       |       |       |       |       |     6 |    17 ||    23

Table legend: (Time is in decaauts)
 A = Elapsed time spent in this place.
 B = Non-inter-level travel time spent in this place.
 C = Inter-level travel time spent in this place.
 D = Time resting spent in this place.
 E = Time spent auto-exploring this place.
 F = Levels seen in this place.
 G = Mean time per level.
                   A        B        C        D        E       F      G
               +--------+--------+--------+--------+--------+-----+--------+
         Total |  55958 |  53316 |   2642 |   2286 |  40925 |  36 | 1554.4 |
       Dungeon |  23132 |  21797 |   1335 |    562 |  18155 |  15 | 1542.1 |
        Temple |    278 |    278 |      0 |      0 |    248 |   1 |  278.0 |
          Lair |   8490 |   7858 |    632 |    495 |   5461 |   6 | 1415.0 |
        Shoals |   9476 |   9227 |    249 |    314 |   7048 |   4 | 2369.0 |
   Spider Nest |   5834 |   5645 |    189 |    455 |   4008 |   4 | 1458.5 |
  Orcish Mines |   2676 |   2498 |    178 |      5 |   2032 |   2 | 1338.0 |
        Vaults |   3913 |   3856 |     57 |      0 |   2999 |   2 | 1956.5 |
      Ice Cave |   1310 |   1310 |      0 |    454 |    489 |   1 | 1310.0 |
      Gauntlet |    844 |    844 |      0 |      0 |    484 |   1 |  844.0 |
               +--------+--------+--------+--------+--------+-----+--------+

Top non-repeatable levels by time:
Shoals:4: 3549 daAuts
Vaults:1: 3133 daAuts
    D:12: 2681 daAuts
    D:13: 2503 daAuts
    D:11: 2383 daAuts
  Lair:6: 2286 daAuts
Shoals:3: 2252 daAuts
    D:15: 2042 daAuts
Spider:4: 2038 daAuts
    D:10: 2037 daAuts
Shoals:1: 1979 daAuts
   Orc:2: 1837 daAuts
Shoals:2: 1695 daAuts
  Lair:3: 1643 daAuts
  Lair:1: 1500 daAuts
